 Dungeon Crawl Stone Soup version 0.21.0-3-g78d12a8 (webtiles) character file.

163 Ghouzt the Covered (level 5, 0/47 HPs)
             Began as a Minotaur Fighter on Jan 8, 2018.
             Slain by a killer bee (3 damage)
             ... on level 2 of the Dungeon.
             The game lasted 00:03:41 (1026 turns).

Ghouzt the Covered (Minotaur Fighter)               Turns: 1026, Time: 00:03:42

Health: 0/47       AC:  7    Str: 27    XL:     5   Next: 20%
Magic:  4/4        EV:  8    Int: 10    God:
Gold:   81         SH: 10    Dex:  9    Spells: 4/4 levels left

rFire    . . .     SeeInvis .   a - +0 long sword
rCold    . . .     Gourm    .   c - +0 shield
rNeg     . . .     Faith    .   b - +0 scale mail
rPois    .         Spirit   .   (helmet restricted)
rElec    .         Reflect  .   (no cloak)
rCorr    .         Harm     .   (no gloves)
MR       .....                  (no boots)
Stlth    ..........             (no amulet)
HPRegen  0.15/turn              (no ring)
MPRegen  0.09/turn              (no ring)

@: mighty, brilliant, lethally poisoned (0 -> -5), very slightly contaminated,
invisible
A: retaliatory headbutt, horns 2
a: no special abilities


You were on level 2 of the Dungeon.
You were not hungry.

You visited 1 branch of the dungeon, and saw 2 of its levels.

You collected 81 gold pieces.

Inventory:

Hand Weapons
 a - a +0 long sword (weapon)
Armour
 b - a +0 scale mail (worn)
 c - a +0 shield (worn)
Wands
 h - a wand of random effects (20)
Scrolls
 i - a scroll of teleportation {unknown}
 l - a scroll of identify {unknown}
 n - a scroll of immolation {unknown}
Comestibles
 f - 4 rations
 m - 2 chunks of flesh


   Skills:
 + Level 4.4 Fighting
 * Level 4.7 Long Blades
 + Level 5.0 Armour
 + Level 0.9 Dodging
 - Level 3.7 Shields


You had 4 spell levels left.
You didn't know any spells.

Dungeon Overview and Level Annotations

Branches:
Dungeon (2/15)

Altars:


Innate Abilities, Weirdness & Mutations

You reflexively headbutt those who attack you in melee.
You have a pair of horns on your head.


Message History

You block the killer bee's attack. The killer bee stings you.
* * * LOW HITPOINT WARNING * * *
You are lethally poisoned!
The killer bee poisons you!
It was a potion of brilliance.
You feel clever all of a sudden.
* * * LOW HITPOINT WARNING * * *
You feel sick. You block the killer bee's attack. The killer bee stings you.
* * * LOW HITPOINT WARNING * * *
You fade further into invisibility.
* * * LOW HITPOINT WARNING * * *
You feel sick.
The killer bee stings you but does no damage.
You block the killer bee's attack.
* * * LOW HITPOINT WARNING * * *
You feel sick. The killer bee closely misses you.
You riposte.
You miss the killer bee. Your headbutt misses the killer bee.
The killer bee is moderately wounded.
The killer bee stings you.
You die...

#....####. #.........
#....##### ##...#####
#........ ###.##.##### ####
. #..........# ...##.#
#....♣.♣.♣.♣#♣#######.......
#..)...........@yyg)s......#
#.<..♣.......♣..####r.###...
#............##.# #.##
#....♣.......♣#.####b# #
###.##.......##.##..y#####.#
#.#♣.......♣#.##.#$y...l.♣
#.##.......##....#y#...y..
#.#♣#♣.♣#♣#♣#.[..........♣
#.# #..##..)###....


You could see 2 killer bees, a gnoll, a quokka and a giant cockroach.

Vanquished Creatures
  2 killer bees (D:2)
  Terence (D:2)
  2 gnolls (D:2)
  A dart slug (D:1)
  3 leopard geckos
  2 giant cockroaches
  4 goblins
  3 hobgoblins (D:1)
  4 bats
  3 frilled lizards
  2 kobolds (D:1)
  5 rats (D:1)
32 creatures vanquished.

Notes
Turn   | Place    | Note
-------+----------+-------------------------------------------
     0 | D:1      | Ghouzt the Minotaur Fighter began the quest for the Orb.
     0 | D:1      | Reached XP level 1. HP: 19/19 MP: 0/0
   226 | D:1      | Reached skill level 4 in Armour
   226 | D:1      | Reached XP level 2. HP: 25/27 MP: 1/1
   913 | D:1      | You fall through a shaft!
   924 | D:2      | Noticed Terence
   932 | D:2      | Killed Terence
   932 | D:2      | Reached XP level 3. HP: 32/33 MP: 2/2
   980 | D:2      | Noticed a killer bee
   982 | D:2      | Noticed a killer bee
   983 | D:2      | Noticed a killer bee
   989 | D:2      | Noticed a killer bee
   994 | D:2      | Reached XP level 4. HP: 37/40 MP: 3/3
  1017 | D:2      | Reached skill level 5 in Armour
  1017 | D:2      | Reached XP level 5. HP: 13/47 MP: 4/4
  1026 | D:2      | Slain by a killer bee

Skill      XL: |  1  2  3  4 |
---------------+-------------+-----
Armour         | 4 5 |  5.0
Fighting       | 4 |  4.4
Long Blades    | 3 4 |  4.7
Dodging        | |  0.9
Shields        | |  3.7

Action                   |  1- 3 |  4- 6 || total
-------------------------+-------+-------++-------
Melee: Long sword        |    57 |    16 ||    73
       Headbutt          |     9 |     2 ||    11
  Use: Potion            |     1 |     8 ||     9
 Stab: Invisible         |       |     1 ||     1
Armor: Scale mail        |    27 |    10 ||    37
Dodge: Dodged            |    22 |    23 ||    45
Block: Shield            |    22 |    25 ||    47
       Rpst.: Long sword |     5 |     3 ||     8
